 Dungeon Crawl Stone Soup version 0.26.1-2-gb8aa6d0cf2 (webtiles) character file.

Game seed: 9625910587785825861

16 Groucho the Sneak (level 2, 0/13 HPs)
             Began as a Spriggan Enchanter on Feb 20, 2021.
             Slain by a giant cockroach (2 damage)
             ... on level 1 of the Dungeon.
             The game lasted 00:02:03 (1797 turns).

Groucho the Sneak (Spriggan Enchanter)              Turns: 1797, Time: 00:02:03

Health: 0/13       AC:  2    Str:  4    XL:     2   Next: 37%
Magic:  1/6        EV: 18    Int: 16    God:
Gold:   0          SH:  0    Dex: 16    Spells: 3/6 levels left

rFire    . . .     SeeInvis +   a - +1 dagger
rCold    . . .     Faith    .   (shield restricted)
rNeg     . . .     Spirit   .   b - +0 robe
rPois    .         Reflect  .   (helmet restricted)
rElec    .         Harm     .   (no cloak)
rCorr    .         Rampage  .   (gloves unavailable)
Will     .....                  (boots unavailable)
Stlth    +++.......             (no amulet)
HPRegen  0.04/turn              d - ring of wizardry
MPRegen  0.10/turn              (no ring)

@: lethally poisoned (0 -> -9), hasted, very quick
A: very small, unfitting armour, see invisible, speed 3
a: no special abilities


You were on level 1 of the Dungeon.
You visited 1 branch of the dungeon, and saw 2 of its levels.

Inventory:

Hand Weapons
 a - a +1 dagger (weapon)
Armour
 b - a +0 robe (worn)
Jewellery
 d - a ring of wizardry (left hand)
Potions
 c - a potion of haste


   Skills:
 - Level 1.1 Short Blades
 - Level 3.0 Dodging
 * Level 5.8 Stealth
 - Level 2.6 Spellcasting
 - Level 3.6 Hexes


You had 3 spell levels left.
You knew the following spells:

 Your Spells              Type           Power        Failure   Level
a - Corona                Hex            14%          1%          1
b - Ensorcelled Hibernat  Hex/Ice        14%          6%          2

Your spell library contained the following spells:

 Spells                   Type           Power        Failure   Level
 Confusing Touch          Hex            13%          5%          3
 Tukima's Dance           Hex            13%          5%          3
 Dazzling Flash           Conj/Hex       14%          12%         3


Dungeon Overview and Level Annotations

Branches:
Dungeon (2/15)

Altars:


Innate Abilities, Weirdness & Mutations

You are very small and have problems with some larger weapons.
You are too small for most types of armour.
You have supernaturally acute eyesight. (SInv)
You cover ground extremely quickly.


Message History

You feel sick.
You feel sick.
Casting: Ensorcelled Hibernation (safe; 6% risk of failure)
Confirm with . or Enter, or press ? or * to list all spells.
Aiming: Ensorcelled Hibernation (safe; 6% risk of failure)
Press: ? - help, Shift-Dir - straight line, f - giant cockroach
Aim: a giant cockroach (chance to affect: 56%)
The giant cockroach resists with significant effort.
You hit the giant cockroach but do no damage.
The giant cockroach bites you.
* * * LOW HITPOINT WARNING * * *
You hit the giant cockroach but do no damage.
* * * LOW HITPOINT WARNING * * *
You feel sick. The giant cockroach closely misses you.
You hit the giant cockroach.
The giant cockroach is moderately wounded.
You hit the giant cockroach but do no damage.
The giant cockroach is moderately wounded.
The giant cockroach bites you.
You die...

### ..# #.# #.#
#######.##.####
#.....B@.......
#.##.#####.....
#.##.....(.....
#######
#.##........#..
r....(#
#............
.####.#
####...##.#... .#
#.# #.......... .#
#.#######.#.##.#.#B.
.#
#.........#..#.#....


You could see a giant cockroach.

Vanquished Creatures
  2 oozes (D:1)
  3 bats (D:1)
  A hobgoblin (D:1)
  3 rats
9 creatures vanquished.

Notes
Turn   | Place    | Note
-------+----------+-------------------------------------------
     0 | D:1      | Groucho the Spriggan Enchanter began the quest for the Orb.
     0 | D:1      | Reached XP level 1. HP: 9/9 MP: 5/5
   579 | D:1      | Reached skill level 5 in Stealth
   579 | D:1      | Reached XP level 2. HP: 3/13 MP: 4/6
  1064 | D:2      | Learned a level 2 spell: Ensorcelled Hibernation
  1797 | D:1      | Slain by a giant cockroach

Illustrated notes

Levels and vault maps discovered:
D:1:      saegor_arrival_simple_c, layout_basic, roderic_serpentine_path
D:2:      layout_loops_ring, amethyst_overflow_temple_binary, uniq_natasha

Skill      XL: |  1 |
---------------+----+-----
Stealth        | 5 |  5.8
Short Blades   | |  1.1
Dodging        | |  3.0
Spellcasting   | |  2.6
Hexes          | |  3.6

Action                   || total
-------------------------++-------
Melee: Dagger            ||    69
 Cast: Corona            ||     2
       Ensorcelled Hiber ||     5
  Use: Scroll            ||     1
       Potion            ||     1
 Stab: Sleeping          ||     2
Armor: Robe              ||    13
Dodge: Dodged            ||    76
